Map: Simulacrum LE

Players

Denver

  • Race: Zerg Zerg
  • League: Grandmaster
  • Spawn Location: 11:00

goblin - Winner!

  • Race: Protoss Protoss
  • League: Master
  • Spawn Location: 5:00

Event: StayAtHomestory Cup #1

VOD

Have the link to the VOD?

Description

Time

  • Played on: April 10, 2020, 10:23 a.m.
  • Length: 9:30

All games in this series

Show
View Real Time Build Order
Export as new Build Order

Denver Zerg 

Build Orders: Hatch First 

Get SALT Encoding   

  12  0:00  Drone  
  13  0:13  Overlord  
  13  0:17  Drone  
  14  0:31  Drone x2  
  16  0:49  Hatchery  
  15  0:53  Drone  
  15  0:56  Drone  
  17  1:04  Drone  
  18  1:20  Extractor  
  17  1:26  Drone x2, Spawning Pool  
  17  1:29  Drone  
  19  1:41  Drone  
  20  1:50  Drone  
  21  2:05  Hatchery  
  20  2:14  Zergling x8  
  24  2:20  Metabolic Boost  
  24  2:26  Drone  
  25  2:31  Queen  
  25  2:35  Extractor  
  26  2:40  Overlord  
  26  2:45  Zergling x4  
  28  2:58  Queen  
  28  3:00  Zergling x6  
  28  3:02  Zergling x2  
  34  3:13  Zergling x4  
  34  3:20  Zergling x6  
  34  3:26  Queen  
  38  3:28  Zergling x2  
  38  3:29  Zergling x2  
  40  3:37  Overlord  
  40  3:43  Drone x3  
  41  3:51  Drone  
  41  3:53  Drone  
  41  3:54  Overlord  
  39  4:04  Zergling x10  
  39  4:07  Drone  
  43  4:10  Drone x2  
  43  4:12  Drone  
  43  4:14  Drone  
  47  4:21  Drone x2  
  47  4:23  Drone x2  
  50  4:26  Drone  
  50  4:29  Spore Crawler  
  49  4:33  Drone  
  49  4:36  Queen  
  52  4:39  Spore Crawler  
  52  4:41  Drone  
  52  4:42  Drone  
  53  4:53  Spore Crawler, Drone  
  53  4:54  Drone x3  
  54  5:02  Overlord  
  54  5:05  Drone x3  
  57  5:10  Lair  
  57  5:16  Overlord  
  57  5:20  Queen  
  59  5:22  Queen  
  59  5:25  Overlord  
  61  5:30  Overlord  
  61  5:33  Overlord  
  57  5:36  Drone x2  
  57  5:37  Drone  
  57  5:41  Drone x2  
  62  5:50  Zergling x12  
  62  5:52  Extractor  
  62  5:53  Extractor  
  66  5:58  Queen  
  66  6:01  Drone x3  
  66  6:03  Spore Crawler  
  71  6:04  Drone x2  
  71  6:06  Drone  
  74  6:11  Queen  
  74  6:16  Overlord  
  76  6:21  Evolution Chamber  
  76  6:22  Overlord  
  75  6:36  Drone  
  75  6:37  Drone x8  
  79  6:43  Queen  
  79  6:44  Zergling x4  
  79  6:45  Zergling x2  
  83  6:47  Zerg Melee Weapons Level 1  
  83  6:48  Zergling x4  
  83  6:49  Zergling x4  
  83  6:53  Overlord  
  84  7:03  Overlord  
  84  7:04  Overlord  
  84  7:07  Hatchery  
  82  7:14  Drone  
  82  7:15  Drone x3  
  85  7:16  Baneling Nest  
  85  7:19  Drone x5  
  86  7:27  Drone x4  
  86  7:28  Overlord  
  90  7:36  Spore Crawler x2  
  88  7:37  Drone  
  88  7:41  Drone  
  90  7:47  Overlord  
  89  7:51  Drone x8  
  89  7:56  Hatchery  
  96  7:59  Zergling x2  
  96  8:01  Centrifical Hooks  
  97  8:06  Overlord x2  
  97  8:14  Zergling x16  
  105  8:20  Extractor, Infestation Pit  
  105  8:21  Extractor  
  105  8:23  Extractor  
  105  8:24  Drone x3  
  102  8:31  Overlord  
  102  8:32  Overlord x5  
  100  8:42  Spore Crawler  
  100  8:44  Spore Crawler  
  100  8:45  Baneling x16  
  98  8:52  Drone x6  
  104  9:02  Zergling x16  
  112  9:05  Spore Crawler  
Show
View Real Time Build Order
Export as new Build Order

goblin Protoss - Winner!

Build Orders: 1 Gate Expand, Oracle Opening 

Get SALT Encoding   

  12  0:01  Probe  
  13  0:13  Probe  
  14  0:18  Pylon  
  14  0:25  Probe (Chrono Boost)  
  15  0:37  Probe (Chrono Boost)  
  15  0:39  Gateway  
  16  0:46  Probe (Chrono Boost)  
  16  0:47  Assimilator  
  17  0:51  Probe  
  18  1:04  Probe  
  19  1:22  Nexus  
  19  1:25  Probe  
  20  1:36  Cybernetics Core  
  20  1:39  Probe  
  20  1:46  Assimilator  
  20  1:51  Probe  
  21  1:54  Pylon  
  21  2:03  Probe (Chrono Boost)  
  22  2:09  Stalker (Chrono Boost)  
  22  2:15  Probe (Chrono Boost)  
  25  2:20  Probe (Chrono Boost)  
  26  2:26  Stargate  
  27  2:32  Probe (Chrono Boost)  
  27  2:34  Probe (Chrono Boost)  
  28  2:38  Warp Gate  
  28  2:39  Adept  
  31  2:46  Probe x2 (Chrono Boost)  
  31  2:51  Probe (Chrono Boost)  
  32  2:54  Probe  
  34  3:03  Probe  
  35  3:06  Probe  
  35  3:09  Gateway  
  35  3:14  Oracle (Chrono Boost)  
  35  3:18  Probe  
  39  3:24  Probe  
  40  3:30  Probe, Assimilator  
  40  3:33  Pylon  
  41  3:36  Probe  
  41  3:37  Shield Battery  
  42  3:41  Gateway  
  42  3:43  Oracle (Chrono Boost)  
  45  3:51  Gateway  
  45  3:53  Sentry  
  47  3:58  Pylon  
  47  4:02  Shield Battery  
  47  4:03  Shield Battery  
  47  4:06  Pylon  
  47  4:07  Probe (Chrono Boost)  
  47  4:08  Probe (Chrono Boost)  
  51  4:18  Assimilator  
  51  4:23  Cybernetics Core  
  50  4:25  Probe (Chrono Boost), Stargate  
  50  4:26  Probe (Chrono Boost)  
  52  4:31  Probe  
  52  4:32  Assimilator  
  52  4:40  Probe, Phoenix (Chrono Boost)  
  52  4:43  Probe  
  56  4:52  Probe  
  57  4:54  Pylon  
  57  4:55  Probe  
  57  4:59  Phoenix (Chrono Boost)  
  58  5:04  Probe  
  61  5:07  Probe  
  61  5:08  Phoenix  
  64  5:22  Probe, Zealot x2  
  64  5:23  Zealot  
  64  5:25  Phoenix  
  64  5:26  Pylon x2  
  64  5:28  Protoss Air Weapons Level 1  
  73  5:39  Phoenix (Chrono Boost)  
  75  5:50  Phoenix (Chrono Boost)  
  75  5:56  Adept, Zealot  
  81  5:58  Probe  
  81  6:00  Pylon  
  81  6:01  Phoenix (Chrono Boost)  
  84  6:05  Adept  
  86  6:12  Pylon  
  86  6:19  Phoenix x2  
  86  6:22  Pylon  
  90  6:26  Nexus  
  90  6:32  Probe x2  
  92  6:41  Shield Battery  
  92  6:43  Shield Battery  
  92  6:44  Phoenix, Probe x2  
  96  6:53  Phoenix  
  98  6:56  Probe x2  
  98  7:01  Pylon  
  100  7:02  Adept  
  100  7:03  Adept  
  100  7:07  Pylon  
  104  7:08  Probe x2  
  104  7:10  Zealot  
  110  7:20  Oracle x2 (Chrono Boost)  
  114  7:33  Forge  
  114  7:37  Pylon  
  114  7:39  Pylon  
  114  7:40  Probe x2  
  116  7:50  Phoenix  
  118  7:54  Probe x2  
  118  7:56  Phoenix, Assimilator  
  118  7:57  Assimilator  
  122  8:11  Twilight Council, Robotics Facility  
  123  8:12  Probe  
  123  8:13  Probe  
  123  8:14  Zealot x2  
  123  8:15  Phoenix  
  130  8:20  Phoenix  
  132  8:33  Zealot  
  134  8:39  Zealot x2  
  138  8:43  Pylon  
  138  8:45  Gateway  
  138  8:48  Pylon, Gateway  
  138  8:49  Templar Archives  
  138  8:51  Gateway  
  138  8:53  Photon Cannon  
  138  8:58  Pylon  
  142  9:13  Zealot x2  
  150  9:30  Pylon  
Tags
 
Add a new tag
Caveats
  • Supply blocks, unpowered buildings, or Contaminate may cause inaccurate times.
  • Supply counts are checked every 10 seconds.